 Dungeon Crawl Stone Soup version 0.30-a0-322-g102857c98e (webtiles) character file.

Game seed: 3535148815662305879

282 NinjaNoafa the Magician (level 6, -6/46 HPs)
             Began as a Djinni Fire Elementalist on Oct 27, 2022.
             Mangled by Edmund
             ... wielding a +2 flail of venom
              (13 damage)
             ... on level 5 of the Dungeon.
             The game lasted 00:08:19 (3145 turns).

NinjaNoafa the Magician (Djinni Fire Elementalist)  Turns: 3145, Time: 00:08:21

Health: -6/46      AC:  3    Str:  7    XL:     6   Next: 53%
Gold:   158        EV: 13    Int: 18    God:
                   SH:  0    Dex: 14

rFire   + + .      SeeInvis .      - Unarmed
rCold   x . .      Faith    +    (no shield)
rNeg    . . .      Spirit   .    a - +0 robe
rPois   ∞          Reflect  .    (helmet currently unavailable)
rElec   .          Harm     .    (no cloak)
rCorr   .          Rampage  .    t - +0 pair of gloves
Will    .....                    (boots unavailable)
Stlth   ++........               e - amulet of faith
HPRegen 0.27/turn                (no ring)
MPRegen 0.00/turn                (no ring)

@: appendages, flying
A: horns 2, flying, sickness immunity, fire resistance 2, cold vulnerability 1,
float, innate caster, HP casting, extra vitality 1
a: End Transformation


You were on level 5 of the Dungeon.
You had temporarily grown beastly horns.
You visited 1 branch of the dungeon, and saw 5 of its levels.

You collected 158 gold pieces.

Inventory:

Missiles
 b - 51 stones
 p - a throwing net
Armour
 a - a +0 robe (worn)
 t - a +0 pair of gloves (worn)
Jewellery
 e - an amulet of faith (around neck)
 v - a +6 ring of dexterity
Wands
 m - a wand of flame (21)
 o - a wand of roots (6)
Scrolls
 f - a scroll of butterflies
 g - a scroll of torment {unknown}
 j - a scroll of enchant weapon
 k - 3 scrolls of identify
 q - a scroll of blinking {unknown}
 r - a scroll of enchant armour {unknown}
 s - a scroll of poison {unknown}
 u - a scroll of immolation {unknown}
Potions
 c - a potion of haste {unknown}
 d - 4 potions of might
 h - a potion of ambrosia {unknown}
 i - 2 potions of heal wounds
 l - a potion of curing {unknown}
 n - a potion of invisibility {unknown}
 w - 2 potions of mutation {unknown}


   Skills:
 - Level 3.0 Fighting
 - Level 3.0 Dodging
 - Level 1.5 Stealth
 - Level 2.0 Unarmed Combat
 + Level 4.0 Spellcasting


You couldn't memorise any spells.
You knew the following spells:

 Your Spells              Type           Power      Damage    Failure   Level
a - Foxfire               Conj/Fire      72%        2x1d7     2%          1
b - Scorch                Fire           36%        2d6       4%          2
c - Kindle Blastsparks    Fire/Tloc/Air  36%        2d13      9%          3
d - Inner Flame           Hex/Fire       18%        N/A       9%          3
e - Flame Wave            Conj/Fire      18%        2d7       28%         4
f - Beastly Appendage     Tmut           36%        N/A       2%          1
g - Momentum Strike       Conj/Tloc      36%        3d9       4%          2
Your spell library was empty.

Dungeon Overview and Level Annotations

Branches:
Dungeon (5/15)
 Temple: D:4-7

Altars:
Ashenzari
Elyvilon
Xom

Shops:
D:4 (

Annotations:
D:5 Edmund, Sigmund


Innate Abilities, Weirdness & Mutations

You have temporarily grown beastly horns.
You are flying.
You are immune to sickness and miasma.
You are immune to poison.
Your flesh is very heat resistant. (rF++)
You are vulnerable to cold. (rC-)
You float through the air rather than walking.
You learn spells naturally, not from books.
Your magical power is your life essence.
You have superior vitality. (+4 MHP)


Message History

As you read the scroll labelled FESITA UCSEGEO, it crumbles to dust.
You hear the tinkle of a tiny bell.
It was a scroll of butterflies.
Edmund is no longer more vulnerable to fire.
The orc is no longer more vulnerable to fire.
The shadow slips into darkness.
The shadow flickers and vanishes!
Deactivating autopickup; reactivate with Ctrl-A.
The orc hits you but does no damage. The orc closely misses your butterfly.
The orc barely misses your butterfly.
The orc completely misses your butterfly.
The orc hits your butterfly with a +0 hand axe.
Your butterfly dies!
Your butterfly disappears in a burst of colours!
The orc misses your butterfly.
The orc hits your butterfly with a +0 hand axe.
Your butterfly dies!
Your butterfly disappears in a burst of colours!
Sigmund hits your butterfly with a +0 scythe!
Your butterfly dies!
Your butterfly disappears in a burst of colours!
As you read the scroll labelled TINOLAYNGY, it crumbles to dust.
You feel aware of your surroundings.
It was a scroll of magic mapping.
The shadow strikes at you from the darkness!
* * * LOW HITPOINT WARNING * * *
Reactivating autopickup.
A worm comes into view.
The orc barely misses you.
The orc hits your butterfly with a +0 hand axe.
Your butterfly dies!
Your butterfly disappears in a burst of colours!
The orc closely misses your butterfly.
The orc hits your butterfly with a +0 hand axe.
Your butterfly dies!
Your butterfly disappears in a burst of colours!
The orc hits your butterfly with a +0 hand axe.
Your butterfly dies!
Your butterfly disappears in a burst of colours!
The orc barely misses your butterfly.
Edmund hits you with a +2 flail of venom!
You die...

,,,,,,,.....#* *,.#* *#...####..
,,,,,,,..w...* #..* ##........#
,,,,,,,......#**#..* #<........#
,,,,,,,......b##...####..........
,,,,,,,.....@...,................
,,,,,,,......b.####..............
,,,,,,,......b..# ##.<...........
,,,,,,,....#..b@###..............
,,,,,,,o,**##b.W@##............<.
,*****,,** #..o...b.............
** *,,,* ##.bbbbbb............
**,,** #.bb................
*,,,** #.b.b.b.............
**,,,,* #..b.....)..########
***,,,,,* #...b#####...#******
**,,,,,,* *#..### #.....,,,,,
,,,,,,,,* *...* **.....,,,,,


You could see Edmund (ally target), Sigmund, a shadow (ally target), a worm
(distracted) and an orc (ally target).

Vanquished Creatures
  A scorpion (D:4)
  A howler monkey (D:4)
  A hound (D:4)
  Jessica (D:2)
  Terence (D:3)
  An orc wizard (D:3)
  An ufetubus (D:3)
  A worm (D:4)
  A dart slug (D:2)
  5 orcs
  5 bats
  4 endoplasms
  5 giant cockroaches
  2 goblins
  3 hobgoblins
  10 kobolds
  A quokka (D:2)
  2 ball pythons
  A frilled lizard (D:1)
  6 rats
53 creatures vanquished.

Vanquished Creatures (others)
  Ijyb (D:3)
  An iguana (D:4)
  2 hobgoblins (D:3)
  A bat (D:3)
  226 foxfires
231 creatures vanquished.

Grand Total: 284 creatures vanquished

Notes
Turn   | Place    | Note
-------+----------+-------------------------------------------
     0 | D:1      | NinjaNoafa the Djinni Fire Elementalist began the quest for
                  | the Orb.
     0 | D:1      | NinjaNoafa set off with the following spells memorised:
                  | Foxfire, Scorch, Kindle Blastsparks, Inner Flame, Flame
                  | Wave.
     0 | D:1      | Reached XP level 1. HP: 15/15 MP: 0/0
    51 | D:1      | Reached XP level 2. HP: 14/21 MP: 0/0
   160 | D:1      | Reached skill level 3 in Spellcasting
   322 | D:1      | Reached XP level 3. HP: 22/25 MP: 0/0
   322 | D:1      | Learned a level 1 spell: Beastly Appendage
   780 | D:2      | Noticed Jessica
   785 | D:2      | Killed Jessica
   786 | D:2      | Reached XP level 4. HP: 10/31 MP: 0/0
  1445 | D:3      | Noticed Terence
  1458 | D:3      | Killed Terence
  1459 | D:3      | Reached skill level 4 in Spellcasting
  1563 | D:3      | Reached XP level 5. HP: 34/36 MP: 0/0
  1563 | D:3      | Learned a level 2 spell: Momentum Strike
  1595 | D:3      | Found a white marble altar of Elyvilon.
  1640 | D:3      | Found a broken altar of Ashenzari.
  1709 | D:3      | Noticed Ijyb
  1713 | D:3      | Killed Ijyb
  1727 | D:3      | Reached skill level 1 in Fighting
  1727 | D:3      | Reached skill level 1 in Unarmed Combat
  2372 | D:4      | Found Piloc's Antique Weapon Emporium.
  2398 | D:4      | Reached XP level 6. HP: 40/43 MP: 0/0
  2493 | D:4      | Identified the +4 pair of boots "Sepuru" {Int+4}
  2772 | D:4      | Found a shimmering altar of Xom.
  3101 | D:5      | Entered Level 5 of the Dungeon
  3126 | D:5      | Noticed Edmund
  3131 | D:5      | Noticed a shadow
  3140 | D:5      | Noticed Sigmund
  3145 | D:5      | Mangled by Edmund

Illustrated notes

Levels and vault maps discovered:
D:1:      erik_arrival_blinker_ship, layout_rooms,
          chequers_serial_rivers_small_b
D:2:      layout_basic, minmay_tromino_v2, uniq_jessica
D:3:      cheibrodos_helix_gallery, layout_rooms, mainiacjoe_overflow_paths,
          nicolae_overflow_crystal_walls, elyvilon_altar_3, uniq_terence,
          uniq_ijyb
D:4:      layout_loops_corners, lemuel_blue_sif_altar, kennysheep_mini,
          serial_shops, nicolae_shop_window_shopping
D:5:      layout_layer_cave, uniq_edmund, uniq_sigmund

Skill      XL: |  1  2  3  4  5  6 |
---------------+-------------------+-----
Spellcasting   | 3 4 |  4.0
Fighting       | 2 3 |  3.0
Unarmed Combat | 1 2 |  2.0
Dodging        | 3 |  3.0
Stealth        | |  1.5

Action                   |  1- 3 |  4- 6 || total
-------------------------+-------+-------++-------
Melee: Dagger            |    10 |       ||    10
       Unarmed           |    17 |    24 ||    41
       Headbutt          |     2 |       ||     2
 Cast: Foxfire           |    42 |    94 ||   136
       Beastly Appendage |     5 |     4 ||     9
       Scorch            |     1 |     9 ||    10
       Momentum Strike   |       |     6 ||     6
       Kindle Blastspark |       |     3 ||     3
       Inner Flame       |       |     2 ||     2
  Use: Scroll            |       |     4 ||     4
       Potion            |       |     1 ||     1
Armor: Robe              |    10 |    15 ||    25
Dodge: Dodged            |    20 |    51 ||    71

Table legend: (Time is in decaauts)
 A = Elapsed time spent in this place.
 B = Non-inter-level travel time spent in this place.
 C = Inter-level travel time spent in this place.
 D = Time resting spent in this place.
 E = Time spent auto-exploring this place.
 F = Levels seen in this place.
 G = Mean time per level.
                   A        B        C        D        E       F      G
               +--------+--------+--------+--------+--------+-----+--------+
         Total |   3142 |   2987 |    155 |      7 |   2482 |   5 |  628.4 |
       Dungeon |   3142 |   2987 |    155 |      7 |   2482 |   5 |  628.4 |
               +--------+--------+--------+--------+--------+-----+--------+

Top non-repeatable levels by time:
     D:4: 1103 daAuts
     D:2: 718 daAuts
     D:1: 638 daAuts
     D:3: 637 daAuts
     D:5: 43 daAuts
